 Dungeon Crawl Stone Soup version 0.28.0-45-g0d030f2227 (webtiles) character file.

Game seed: 12618182845234073696

177 zeratav the Insei (level 5, 0/35 HPs)
             Began as an Octopode Transmuter on Apr 6, 2022.
             Slain by a river rat (2 damage)
             ... in a sewer.
             The game lasted 00:10:19 (3909 turns).

zeratav the Insei (Octopode Transmuter)             Turns: 3909, Time: 00:10:20

Health: 0/35       AC:  2    Str: 12    XL:     5   Next: 57%
Magic:  4/8        EV: 20    Int: 15    God:
Gold:   117        SH:  0    Dex: 17    Spells: 4/8 levels left

rFire   . . .      SeeInvis .     - Unarmed
rCold   . . .      Faith    .   (shield currently unavailable)
rNeg    . . .      Spirit   .   (helmet currently unavailable)
rPois   x          Reflect  .   (no amulet)
rElec   .          Harm     .   (no ring)
rCorr   .          Rampage  .   (no ring)
Will    .....                   (no ring)
Stlth   ++........              (no ring)
HPRegen 0.11/turn               (no ring)
MPRegen 0.11/turn               (no ring)
                                (no ring)
                                (no ring)

@: spider-form
A: venomous fangs, almost no armour, (amphibious), 8 rings, tiny, (camouflage
1), (gelatinous body 1), (nimble swimmer 1), (tentacles)
a: End Transformation


You were in a sewer.
You were a venomous arachnid creature.
You visited 1 branch of the dungeon, and saw 4 of its levels.
You also visited: Sewer.

You collected 117 gold pieces.

Inventory:

Hand Weapons
 a - a +1 dagger of protection (melded)
Wands
 f - a wand of flame (18)
Scrolls
 e - 4 scrolls of identify {unknown}
 g - a scroll of teleportation {unknown}
 i - a scroll of silence {unknown}
 j - a scroll of torment {unknown}
 m - a scroll of amnesia {unknown}
 n - a scroll of enchant weapon {unknown}
 o - a scroll of fear {unknown}
 p - a scroll of noise {unknown}
Potions
 b - 2 potions of berserk rage {unknown}
 c - a potion of degeneration {unknown}
 d - 3 potions of mutation {unknown}
 h - a potion of brilliance {unknown}
 k - a potion of curing {unknown}
 l - 2 potions of might {unknown}
 q - a potion of lignification {unknown}
 r - a potion of haste {unknown}


   Skills:
 * Level 2.7 Fighting
 * Level 3.4 Dodging
 * Level 4.1 Unarmed Combat
 - Level 2.0 Spellcasting
 + Level 2.7 Transmutations


You had 4 spell levels left.
You knew the following spells:

 Your Spells              Type           Power      Damage    Failure   Level
a - Beastly Appendage     Tmut           18%        N/A       19%         1
b - Spider Form           Tmut/Pois      5%         N/A       58%         3

Your spell library contained the following spells:

 Spells                   Type           Power      Damage    Failure   Level
 Wereblood                Tmut           9%         N/A       26%         2
 Blink                    Tloc           2%         N/A       54%         2
 Corpse Rot               Necr/Air       2%         N/A       54%         2
 Poisonous Vapours        Pois/Air       2%         N/A       54%         2
 Ice Form                 Ice/Tmut       5%         N/A       90%         4
 Manifold Assault         Tloc           1%         N/A       100%        5
 Storm Form               Tmut/Air       2%         N/A       100%        7


Dungeon Overview and Level Annotations

Branches:
Dungeon (4/15)              Sewer (1/1)
 Temple: D:4-7

Altars:
Trog


Innate Abilities, Weirdness & Mutations

You are a venomous arachnid creature.
You have poisonous fangs.
You are tiny and dextrous.
Your spellcasting is less reliable in this form.
Your armour is entirely melded.
You are incapable of wielding weapons or throwing items.
You cannot wear most types of armour.
((You are amphibious.))
You can wear up to eight rings at the same time.
((Your skin changes colour to match your surroundings (Stealth+).))
((Your rubbery body absorbs attacks. (AC +1, EV +1)))
((You are camouflaged when in or above water. (Stealth+)))
((You have tentacles for arms and can constrict up to eight enemies at once.))


Message History

r - a glowing ruby potion A river rat comes into view.
A river rat comes into view.
The river rat barely misses you.
You hit the river rat but do no damage.
Your weapon exudes an aura of protection.
Your grab misses the river rat. The river rat bites you. x2
You hit the river rat but do no damage. You grab the river rat.
You constrict the river rat. The river rat barely misses you.
The river rat bites you.
Casting: Beastly Appendage (safe; 7% risk of failure)
Confirm with . or Enter, or press ? or * to list all spells.
One of your tentacles grows a vicious spike.
You constrict the river rat. The river rat completely misses you.
The river rat barely misses you.
You hit the river rat but do no damage.
You pierce the river rat, but do no damage.
Your squeeze misses the river rat.
The river rat is moderately wounded.
You constrict the river rat. The river rat bites you.
The river rat closely misses you.
You hit the river rat but do no damage.
You pierce the river rat.
You kill the river rat!
The river rat bites you!
* * * LOW HITPOINT WARNING * * *
Casting: Beastly Appendage (safe; 7% risk of failure)
Confirm with . or Enter, or press ? or * to list all spells.
The spell is quite dangerous to miscast (36% risk of failure)!
Continue anyway?
Your tentacle spike disappears.
You turn into a venomous arachnid creature.
Your +1 dagger of protection melds into your body.
Your +1 dagger of protection goes still.
The river rat bites you!
* * * LOW HITPOINT WARNING * * *
You hit the river rat.
The river rat is poisoned.
The river rat is heavily wounded.
You hit the river rat but do no damage.
The river rat is heavily wounded.
The river rat bites you.
You die...

## . ##. ... #.# ## #.# .#
#.#r# ##s## #.#.#
#############≈################
≈≈≈≈#≈≈.≈.≈≈≈≈..≈≈†.≈≈..≈≈≈≈≈≈
≈≈≈≈#≈≈.≈≈≈.≈≈≈≈.≈≈≈≈≈≈≈≈≈.≈≈.
##############################


You could see a river rat (very poisoned).

Vanquished Creatures
  A centaur zombie (D:3)
  Jessica (D:3)
  4 adders
  A river rat (Sewer)
  2 worms
  A dart slug (D:1)
  5 endoplasms
  5 giant cockroaches
  4 goblins
  7 hobgoblins
  7 jackals
  6 kobolds
  4 quokkas
  6 ball pythons
  3 bats
  A frilled lizard (D:3)
  6 rats
64 creatures vanquished.

Notes
Turn   | Place    | Note
-------+----------+-------------------------------------------
     0 | D:1      | zeratav the Octopode Transmuter began the quest for the
                  | Orb.
     0 | D:1      | Reached XP level 1. HP: 13/13 MP: 3/3
   296 | D:1      | Reached XP level 2. HP: 13/18 MP: 3/5
   718 | D:1      | Reached XP level 3. HP: 21/24 MP: 6/6
  1621 | D:2      | Reached XP level 4. HP: 29/29 MP: 5/7
  1986 | D:2      | Found a bloodstained altar of Trog.
  2311 | D:3      | Learned a level 3 spell: Spider Form
  2771 | D:3      | Noticed Jessica
  2776 | D:3      | Killed Jessica
  2777 | D:3      | Reached XP level 5. HP: 19/35 MP: 8/8
  2955 | D:3      | Reached skill level 4 in Unarmed Combat
  3835 | D:4      | Found a glowing drain.
  3854 | Sewer    | Entered a sewer
  3909 | Sewer    | Slain by a river rat

Illustrated notes

Levels and vault maps discovered:
D:1:      elethiomel_arrival_infinity_welcomes_careful_drivers,
          layout_loops_ring, st_stairs_4, minivault_23, kennysheep_flooded_box
D:2:      layout_basic, basic_altar
D:3:      layout_loops_cross, uniq_jessica
D:4:      layout_basic, cheibrodos_sewer_entry_drain, kennysheep_generic_room_9
Sewer:    sewer_co_cracked_pipes

Skill      XL: |  1  2  3  4  5 |
---------------+----------------+-----
Fighting       | 2 |  2.7
Dodging        | 3 |  3.4
Unarmed Combat | 4 |  4.1
Spellcasting   | |  2.0
Transmutations | |  2.7

Action                   |  1- 3 |  4- 6 || total
-------------------------+-------+-------++-------
Melee: Unarmed           |    12 |     2 ||    14
       Constrict         |    28 |    15 ||    43
       Kick              |    29 |    12 ||    41
       Tentacles         |    15 |     9 ||    24
       Dagger            |    73 |    63 ||   136
       Punch             |     4 |     6 ||    10
 Cast: Beastly Appendage |    25 |    20 ||    45
       Spider Form       |       |     1 ||     1
 Stab: Sleeping          |     2 |     1 ||     3
Armor: Skin              |    18 |    18 ||    36
Dodge: Dodged            |    75 |    40 ||   115
